 Dungeon Crawl Stone Soup version 0.29.1-1-gd02db6906a (webtiles) character file.

Game seed: 14755583611167633328

5 Earthwalker the Chiller (level 1, -1/13 HPs)
             Began as a Vampire Ice Elementalist on Oct 3, 2022.
             Slain by a ball python (2 damage)
             ... on level 1 of the Dungeon.
             The game lasted 00:02:14 (106 turns).

Earthwalker the Chiller (Vampire Ice Elementalist)   Turns: 106, Time: 00:02:15

Health: -1/13      AC:  2    Str:  7    XL:     1   Next: 66%
Magic:  0/3        EV: 12    Int: 17    God:
Gold:   23         SH:  0    Dex: 14    Spells: 3/4 levels left

rFire   . . .      SeeInvis +   (no weapon)
rCold   . . .      Faith    .   (no shield)
rNeg    . . .      Spirit   .   a - +0 robe
rPois   .          Reflect  .   (no helmet)
rElec   .          Harm     .   (no cloak)
rCorr   .          Rampage  .   (no gloves)
Will    .....                   (no boots)
Stlth   ++........              (no amulet)
HPRegen 0.24/turn               (no ring)
MPRegen 0.08/turn               (no ring)

@: healing quickly
A: alive, fangs 3, see invisible, vampiric 1
a: Exsanguinate


You were on level 1 of the Dungeon.
You visited 1 branch of the dungeon, and saw 1 of its levels.

You collected 23 gold pieces.

Inventory:

Armour
 a - a +0 robe (worn)
Scrolls
 c - a scroll of identify {unknown}
 d - a scroll of amnesia {unknown}
Potions
 b - a potion of magic


   Skills:
 + Level 2.2 Dodging
 + Level 3.0 Stealth
 + Level 2.0 Spellcasting
 + Level 4.2 Ice Magic


You had 3 spell levels left.
You knew the following spells:

 Your Spells              Type           Power      Damage    Failure   Level
a - Freeze                Ice            64%        1d8       3%          1

Your spell library contained the following spells:

 Spells                   Type           Power      Damage    Failure   Level
 Frozen Ramparts          Ice            32%        1d5       10%         3
 Ozocubu's Armour         Ice            16%        N/A       10%         3
 Hailstorm                Conj/Ice       8%         3d4       63%         4


Dungeon Overview and Level Annotations

Branches:
Dungeon (1/15)

Altars:


Innate Abilities, Weirdness & Mutations

Your natural rate of healing is accelerated.
You have razor-sharp teeth.
You have supernaturally acute eyesight. (SInv)
You are afflicted with vampirism.


Message History

You freeze the quokka!
You kill the quokka!
The ball python closely misses you. The ball python grabs you.
The ball python constricts you.
You escape the ball python's grasp.
The ball python bites you.
* * * LOW HITPOINT WARNING * * *
The ball python closely misses you.
Casting: Freeze (safe; 3% risk of failure)
Confirm with . or Enter, or press ? or * to list all spells.
Aiming: Freeze (safe; 3% risk of failure)
Press: ? - help, Shift-Dir - straight line, f - ball python
Aim: a ball python You freeze the ball python.
The ball python is heavily wounded.
The ball python seems to slow down.
The ball python barely misses you. x2
The ball python is no longer moving slowly.
The ball python closely misses you. The ball python completely misses you.
The ball python attacks as you move away!
The ball python closely misses you.
You enter the shallow water.
Moving in this stuff is going to be slow.
The ball python bites you.
* * * LOW HITPOINT WARNING * * *
The ball python grabs you. The ball python constricts you.
* * * LOW HITPOINT WARNING * * *
The ball python barely misses you. The ball python constricts you.
You escape the ball python's grasp.
The ball python misses you. The ball python grabs you.
The ball python constricts you.
Casting: Freeze (safe; 3% risk of failure)
Confirm with . or Enter, or press ? or * to list all spells.
You don't have enough magic to cast this spell.
You escape the ball python's grasp.
The ball python attacks as you move away!
The ball python bites you.
* * * LOW HITPOINT WARNING * * *
The ball python barely misses you.
There is a staircase leading out of the dungeon here.
The ball python attacks as you move away!
The ball python bites you.
You die...

.... #.. #.# ....## ##.##
###..#
.....####...####....#
#.....#..~..#.....# .
#8..~....~....~..8# ..
##...~..~~~..~...######
#.#.....~~~~~~~.....#...#
.#.....~~~~...~~~~.......#
.....~~~~~..@S.~~~~~.....#
.......~~~~...~K~~....####
...#.....~~~~~~~.....## ..
##...~..~~~..~...## $
#8..~....~....~..8#
#.....#..~..#.....##
.....####...####....#
....## ##.#######..# .....
#.....†....#


You could see a ball python and a kobold.

Vanquished Creatures
  An endoplasm (D:1)
  A hobgoblin (D:1)
  A quokka (D:1)
  A ball python (D:1)
  A frilled lizard (D:1)
5 creatures vanquished.

Notes
Turn   | Place    | Note
-------+----------+-------------------------------------------
     0 | D:1      | Earthwalker the Vampire Ice Elementalist began the quest
                  | for the Orb.
     0 | D:1      | Reached XP level 1. HP: 13/13 MP: 3/3
   106 | D:1      | Slain by a ball python

Illustrated notes

Levels and vault maps discovered:
D:1:      eino_arrival_water_star, layout_rooms, serial_shops,
          nicolae_diamond_shop, shapermc_ecumenical_altar_mp_highgroup

Action                   || total
-------------------------++-------
Melee: Unarmed           ||    17
       Bite              ||     2
 Cast: Freeze            ||     5
Armor: Robe              ||     2
Dodge: Dodged            ||    21
